[ AOE2 MATCH · #485367134 ]
UnrankedBritons vs Spanish
Player's team · WIN
Rival team · LOSS
[ REPLAY ANALYSIS · EXTRACTED FROM THE RECORDED GAME ]
Feudal
9:22
Castle
20:48
Imperial
39:04
| APM avg | 53.5 |
| APM peak | 88 |
| eAPM avg | 28.5 |
| Villagers / military | 182 / 273 |
Focus
⚔️ 38.1% · 🌾 61.9%
Archer ×172 · Spearman ×61 · Trebuchet (Packed) ×15 · Knight ×14 · Scout Cavalry ×8 · Monk ×2
Feudal
9:01
Castle
21:25
Imperial
38:28
| APM avg | 57.1 |
| APM peak | 116 |
| eAPM avg | 22.0 |
| Villagers / military | 168 / 234 |
Focus
⚔️ 44.8% · 🌾 55.2%
Skirmisher ×113 · Knight ×85 · Cavalry Archer ×17 · Hand Cannoneer ×7 · Battering Ram ×5 · Scout Cavalry ×3
Match map
Initial resources + every placement click. Lines = walls · curves = elevation contours. ◆ gold · ⬟ stone · ● berries · ✦ relic · ◌ wall gap
Your base· ✓ Closed at 20:48 · 47t walls · 1 gate(s)
Skyrend's base· ✓ Closed at 21:25 · 58t walls · 1 gate(s)
Smoothed initial terrain · ◌ = detected wall gap · hover for details
Inputs per minute
— ivanap - - Skyrend
Build order — ivanap
First 150 of 687 actions detected
| 0:00 | Create | Villager (Male) |
| 0:01 | Create | Villager (Male) |
| 0:02 | Build | House |
| 0:03 | Build | House |
| 0:13 | Create | Villager (Male) |
| 0:15 | Create | Villager (Male) |
| 1:21 | Create | Villager (Male) |
| 1:48 | Create | Villager (Male) |
| 1:49 | Create | Villager (Male) |
| 1:54 | Build | Lumber Camp |
| 2:12 | Create | Villager (Male) |
| 2:42 | Create | Villager (Male) |
| 2:42 | Create | Villager (Male) |
| 3:13 | Create | Villager (Male) |
| 3:36 | Build | House |
| 3:37 | Build | House |
| 3:44 | Create | Villager (Male) |
| 3:44 | Create | Villager (Male) |
| 4:05 | Create | Villager (Male) |
| 4:09 | Create | Villager (Male) |
| 4:17 | Build | Mill |
| 4:30 | Create | Villager (Male) |
| 4:51 | Create | Villager (Male) |
| 5:17 | Create | Villager (Male) |
| 5:57 | Create | Villager (Male) |
| 6:25 | Research | Loom |
| 6:31 | Build | Barracks |
| 7:12 | Research | Feudal Age |
| 7:26 | Build | Lumber Camp |
| 7:38 | Build | House |
| 7:44 | Create | Villager (Male) |
| 8:15 | Build | Palisade Wall |
| 8:17 | Build | Palisade Wall |
| 8:41 | Build | Mining Camp |
| 8:44 | Build | Palisade Wall |
| 8:45 | Build | Palisade Wall |
| 8:46 | Build | Palisade Wall |
| 9:22 | Age | Feudal Age |
| 9:28 | Build | Archery Range |
| 9:31 | Create | Villager (Male) |
| 9:34 | Research | Double-Bit Axe |
| 9:38 | Build | Palisade Wall |
| 9:39 | Build | Palisade Wall |
| 9:45 | Create | Villager (Male) |
| 9:58 | Build | Palisade Wall |
| 10:01 | Create | Villager (Male) |
| 10:16 | Build | Blacksmith |
| 10:20 | Create | Archer |
| 10:20 | Create | Archer |
| 10:21 | Create | Villager (Male) |
| 10:24 | Create | Villager (Male) |
| 10:42 | Build | Palisade Wall |
| 10:44 | Create | Villager (Male) |
| 11:12 | Create | Villager (Male) |
| 11:26 | Create | Villager (Male) |
| 11:29 | Build | Farm |
| 12:02 | Create | Villager (Male) |
| 12:08 | Build | Farm |
| 12:09 | Build | Farm |
| 12:12 | Build | Farm |
| 12:15 | Build | House |
| 12:21 | Build | Stable |
| 12:22 | Create | Villager (Male) |
| 12:25 | Create | Archer |
| 12:31 | Build | Farm |
| 12:37 | Research | Horse Collar |
| 12:37 | Create | Villager (Male) |
| 12:39 | Build | House |
| 12:46 | Build | Palisade Wall |
| 12:48 | Create | Villager (Male) |
| 12:55 | Build | Farm |
| 13:01 | Build | Palisade Wall |
| 13:04 | Build | Palisade Wall |
| 13:06 | Create | Villager (Male) |
| 13:07 | Create | Villager (Male) |
| 13:11 | Build | Farm |
| 13:13 | Build | Farm |
| 13:15 | Create | Scout Cavalry |
| 13:32 | Build | Farm |
| 13:33 | Create | Villager (Male) |
| 13:53 | Build | Farm |
| 13:58 | Create | Scout Cavalry |
| 14:05 | Build | Palisade Wall |
| 14:07 | Create | Villager (Male) |
| 14:15 | Create | Archer |
| 14:15 | Create | Archer |
| 14:16 | Create | Archer |
| 14:39 | Create | Villager (Male) |
| 14:43 | Create | Villager (Male) |
| 14:45 | Create | Archer |
| 14:45 | Create | Archer |
| 14:50 | Build | Palisade Wall |
| 14:58 | Build | House |
| 15:02 | Build | House |
| 15:14 | Build | Market |
| 15:16 | Create | Villager (Male) |
| 15:23 | Create | Villager (Male) |
| 15:47 | Create | Villager (Male) |
| 15:52 | Create | Archer |
| 15:54 | Build | Archery Range |
| 16:03 | Create | Villager (Male) |
| 16:46 | Create | Villager (Male) |
| 16:52 | Build | Mining Camp |
| 16:55 | Build | Mining Camp |
| 17:03 | Create | Villager (Male) |
| 17:09 | Create | Villager (Male) |
| 17:12 | Build | Farm |
| 17:31 | Create | Archer |
| 17:31 | Create | Archer |
| 17:56 | Build | House |
| 17:57 | Build | House |
| 18:00 | Build | House |
| 18:04 | Build | House |
| 18:08 | Research | Castle Age |
| 18:08 | Research | Castle Age |
| 18:09 | Create | Archer |
| 18:09 | Create | Archer |
| 18:17 | Build | House |
| 18:23 | Build | House |
| 18:30 | Create | Villager (Male) |
| 18:37 | Create | Archer |
| 18:50 | Research | Fletching |
| 18:59 | Research | Gold Mining |
| 18:59 | Research | Gold Mining |
| 19:06 | Build | Farm |
| 19:25 | Build | Farm |
| 19:26 | Create | Archer |
| 19:26 | Create | Archer |
| 19:46 | Build | Palisade Gate |
| 19:50 | Create | Archer |
| 19:50 | Create | Archer |
| 20:07 | Create | Archer |
| 20:08 | Create | Archer |
| 20:11 | Create | Villager (Male) |
| 20:15 | Create | Archer |
| 20:15 | Create | Archer |
| 20:32 | Create | Archer |
| 20:32 | Create | Archer |
| 20:48 | Age | Castle Age |
| 20:53 | Build | Town Center |
| 21:04 | Build | University |
| 21:07 | Research | Crossbowman (upgrade) |
| 21:09 | Research | Bodkin Arrow |
| 21:14 | Create | Archer |
| 21:14 | Create | Archer |
| 21:24 | Create | Archer |
| 21:24 | Create | Archer |
| 21:34 | Build | House |
| 21:54 | Create | Archer |
| 21:55 | Create | Archer |
Build order — Skyrend
First 150 of 588 actions detected
| 0:02 | Create | Villager (Male) |
| 0:02 | Create | Villager (Male) |
| 0:04 | Build | House |
| 0:05 | Build | House |
| 0:18 | Create | Villager (Male) |
| 0:18 | Create | Villager (Male) |
| 0:18 | Create | Villager (Male) |
| 1:13 | Create | Villager (Male) |
| 1:14 | Create | Villager (Male) |
| 1:44 | Create | Villager (Male) |
| 1:44 | Create | Villager (Male) |
| 1:54 | Build | Lumber Camp |
| 2:23 | Create | Villager (Male) |
| 2:40 | Create | Villager (Male) |
| 2:40 | Create | Villager (Male) |
| 3:15 | Create | Villager (Male) |
| 3:19 | Build | House |
| 3:38 | Create | Villager (Male) |
| 3:38 | Create | Villager (Male) |
| 4:06 | Create | Villager (Male) |
| 4:06 | Create | Villager (Male) |
| 4:13 | Build | Mill |
| 4:32 | Create | Villager (Male) |
| 4:51 | Create | Villager (Male) |
| 4:51 | Create | Villager (Male) |
| 5:54 | Research | Loom |
| 6:26 | Create | Villager (Male) |
| 6:26 | Create | Villager (Male) |
| 6:45 | Research | Feudal Age |
| 6:45 | Research | Feudal Age |
| 7:37 | Build | Barracks |
| 8:16 | Create | Villager (Male) |
| 8:19 | Build | House |
| 8:36 | Build | Palisade Wall |
| 9:01 | Age | Feudal Age |
| 9:05 | Build | Archery Range |
| 9:08 | Research | Double-Bit Axe |
| 9:14 | Create | Villager (Male) |
| 9:30 | Build | Palisade Wall |
| 9:37 | Create | Villager (Male) |
| 9:42 | Build | Farm |
| 9:48 | Build | Palisade Wall |
| 9:55 | Create | Skirmisher |
| 9:55 | Create | Skirmisher |
| 10:11 | Create | Villager (Male) |
| 10:20 | Build | Palisade Wall |
| 10:25 | Create | Villager (Male) |
| 10:26 | Create | Skirmisher |
| 10:36 | Build | House |
| 10:59 | Create | Villager (Male) |
| 11:15 | Build | Farm |
| 11:15 | Build | Farm |
| 11:15 | Build | Farm |
| 11:16 | Build | Farm |
| 11:16 | Build | Farm |
| 11:16 | Build | Farm |
| 11:16 | Build | Farm |
| 11:16 | Build | Farm |
| 11:23 | Create | Skirmisher |
| 11:34 | Build | Palisade Wall |
| 12:04 | Create | Villager (Male) |
| 12:05 | Create | Skirmisher |
| 12:10 | Build | Farm |
| 12:16 | Build | Farm |
| 12:18 | Build | Farm |
| 12:20 | Build | Farm |
| 12:35 | Create | Skirmisher |
| 12:36 | Create | Villager (Male) |
| 12:36 | Create | Villager (Male) |
| 12:38 | Build | House |
| 12:43 | Build | House |
| 12:59 | Create | Villager (Male) |
| 13:15 | Build | Blacksmith |
| 13:18 | Create | Villager (Male) |
| 13:28 | Build | Farm |
| 13:45 | Create | Villager (Male) |
| 13:50 | Research | Fletching |
| 13:52 | Build | House |
| 13:54 | Build | Farm |
| 14:03 | Create | Skirmisher |
| 14:24 | Create | Villager (Male) |
| 14:53 | Create | Villager (Male) |
| 14:56 | Create | Villager (Male) |
| 14:57 | Build | Farm |
| 14:59 | Build | Farm |
| 15:11 | Create | Skirmisher |
| 15:12 | Create | Villager (Male) |
| 15:13 | Build | Farm |
| 15:18 | Build | Farm |
| 15:23 | Create | Spearman |
| 15:37 | Build | Farm |
| 15:38 | Create | Villager (Male) |
| 16:04 | Build | Mining Camp |
| 16:06 | Create | Villager (Male) |
| 16:56 | Build | House |
| 16:59 | Create | Villager (Male) |
| 17:00 | Research | Horse Collar |
| 17:06 | Research | Wheelbarrow |
| 18:23 | Research | Castle Age |
| 18:23 | Research | Castle Age |
| 18:36 | Build | Archery Range |
| 18:42 | Build | Stable |
| 19:25 | Research | Bloodlines |
| 19:27 | Research | Padded Archer Armor |
| 19:59 | Build | Palisade Gate |
| 20:11 | Create | Skirmisher |
| 20:11 | Create | Skirmisher |
| 20:11 | Create | Skirmisher |
| 20:39 | Create | Skirmisher |
| 20:39 | Create | Skirmisher |
| 20:45 | Create | Skirmisher |
| 21:25 | Age | Castle Age |
| 21:27 | Research | Elite Skirmisher (upgrade) |
| 21:28 | Research | Bodkin Arrow |
| 21:28 | Research | Leather Archer Armor |
| 21:30 | Create | Villager (Male) |
| 21:31 | Create | Skirmisher |
| 21:32 | Create | Skirmisher |
| 21:59 | Build | Farm |
| 22:02 | Build | House |
| 22:11 | Create | Skirmisher |
| 22:11 | Create | Skirmisher |
| 22:23 | Create | Villager (Male) |
| 22:23 | Create | Villager (Male) |
| 22:29 | Create | Knight |
| 22:29 | Create | Knight |
| 22:30 | Research | Scale Barding Armor |
| 22:30 | Research | Scale Barding Armor |
| 22:48 | Build | Farm |
| 23:09 | Create | Villager (Male) |
| 23:20 | Create | Villager (Male) |
| 23:22 | Build | House |
| 23:48 | Create | Skirmisher |
| 23:48 | Create | Skirmisher |
| 23:48 | Create | Skirmisher |
| 23:52 | Create | Knight |
| 24:24 | Research | Chain Barding Armor |
| 24:25 | Create | Knight |
| 24:38 | Create | Villager (Male) |
| 24:53 | Create | Villager (Male) |
| 25:04 | Create | Skirmisher |
| 25:04 | Create | Skirmisher |
| 25:05 | Create | Villager (Male) |
| 25:07 | Build | House |
| 25:07 | Build | House |
| 25:34 | Build | Market |
| 25:46 | Create | Villager (Male) |
| 25:46 | Create | Villager (Male) |
| 25:47 | Create | Knight |
| 25:47 | Create | Knight |
Match timeline
| 6:31 | ivanap · first_building Barracks |
| 7:37 | Skyrend · first_building Barracks |
| 8:15 | ivanap · wall_segment Palisade Wall x1 |
| 8:17 | ivanap · wall_segment Palisade Wall x1 |
| 8:36 | Skyrend · wall_segment Palisade Wall x6 |
| 8:44 | ivanap · wall_segment Palisade Wall x1 |
| 8:45 | ivanap · wall_segment Palisade Wall x1 |
| 8:46 | ivanap · wall_segment Palisade Wall x1 |
| 9:01 | Skyrend · age_up feudal |
| 9:05 | Skyrend · first_building Archery Range |
| 9:22 | ivanap · age_up feudal |
| 9:28 | ivanap · first_building Archery Range |
| 9:30 | Skyrend · wall_segment Palisade Wall x14 |
| 9:38 | ivanap · wall_segment Palisade Wall x1 |
| 9:39 | ivanap · wall_segment Palisade Wall x1 |
| 9:48 | Skyrend · wall_segment Palisade Wall x4 |
| 9:58 | ivanap · wall_segment Palisade Wall x5 |
| 10:20 | Skyrend · wall_segment Palisade Wall x26 |
| 10:42 | ivanap · wall_segment Palisade Wall x4 |
| 11:34 | Skyrend · wall_segment Palisade Wall x8 |
| 12:21 | ivanap · first_building Stable |
| 12:46 | ivanap · wall_segment Palisade Wall x9 |
| 13:01 | ivanap · wall_segment Palisade Wall x8 |
| 13:04 | ivanap · wall_segment Palisade Wall x3 |
| 14:05 | ivanap · wall_segment Palisade Wall x12 |
| 14:50 | ivanap · wall_segment Palisade Wall x1 |
| 16:39 | ivanap · first_market_sell 100 stone |
| 16:42 | ivanap · first_market_buy 100 food |
| 18:42 | Skyrend · first_building Stable |
| 20:48 | ivanap · age_up castle |
| 21:25 | Skyrend · age_up castle |
| 23:45 | ivanap · first_building Siege Workshop |
| 23:50 | ivanap · wall_segment Palisade Wall x1 |
| 23:51 | ivanap · wall_segment Palisade Wall x1 |
| 23:52 | ivanap · wall_segment Palisade Wall x1 |
| 26:11 | Skyrend · first_market_buy 100 wood |
| 33:27 | ivanap · first_building Monastery |
| 34:51 | Skyrend · first_building Siege Workshop |
| 34:57 | Skyrend · first_building Monastery |
| 37:23 | ivanap · first_building Castle |
| 38:28 | Skyrend · age_up imperial |
| 39:02 | Skyrend · first_market_sell 100 wood |
| 39:04 | ivanap · age_up imperial |
| 45:58 | Skyrend · first_building Castle |
| 53:24 | Skyrend · resign |
[ AI ANALYSIS · 1 CREDIT ]
What really happened in this match?
Wolo.gg analyzes every decision: build order, eco, micro, common mistakes by bracket. Personalized analysis on WhatsApp or Discord in 30 seconds.
Civ guide
Britons
Perfil
Jugador #2769008